[ AOE2 MATCH · #504727207 ]
UnrankedPoles vs Malians
Player's team · LOSS
Rival team · WIN
[ REPLAY ANALYSIS · EXTRACTED FROM THE RECORDED GAME ]
Feudal
8:35
Castle
18:19
Imperial
—
| APM avg | 59.2 |
| APM peak | 100 |
| eAPM avg | 18.4 |
| Villagers / military | 82 / 41 |
Focus
⚔️ 26.4% · 🌾 73.6%
Cavalry Archer ×35 · Scout Cavalry ×4 · Spearman ×2
Feudal
13:14
Castle
18:25
Imperial
—
| APM avg | 44.2 |
| APM peak | 120 |
| eAPM avg | 17.0 |
| Villagers / military | 76 / 38 |
Focus
⚔️ 31.5% · 🌾 68.5%
Gbeto ×30 · Militia ×3 · Skirmisher ×3 · Spearman ×2
Match map
Initial resources + every placement click. Lines = walls · curves = elevation contours. ◆ gold · ⬟ stone · ● berries · ✦ relic · ◌ wall gap
Your base· Open — opponent sealed themselves in
Wuyen's base· ✓ Closed at 18:25 · 41t walls · no gate
Smoothed initial terrain · ◌ = detected wall gap · hover for details
Inputs per minute
— k1ngkong - - Wuyen
Build order — k1ngkong
First 150 of 174 actions detected
| 0:01 | Queue | Villager (Male) ×4 |
| 0:02 | Queue | Villager (Male) ×4 |
| 0:03 | Build | House |
| 0:04 | Build | House |
| 1:40 | Queue | Villager (Male) |
| 1:40 | Queue | Villager (Male) |
| 2:07 | Build | Mill |
| 2:09 | Queue | Villager (Male) |
| 2:10 | Queue | Villager (Male) |
| 2:34 | Queue | Villager (Male) |
| 2:34 | Queue | Villager (Male) |
| 2:51 | Queue | Villager (Male) |
| 3:18 | Queue | Villager (Male) ×2 |
| 3:18 | Queue | Villager (Male) ×2 |
| 3:53 | Queue | Villager (Male) |
| 3:53 | Queue | Villager (Male) |
| 3:53 | Queue | Villager (Male) |
| 4:18 | Queue | Villager (Male) |
| 4:39 | Queue | Villager (Male) ×2 |
| 4:41 | Build | Lumber Camp |
| 5:18 | Queue | Villager (Male) |
| 5:19 | Research | Loom |
| 6:25 | Research | Feudal Age |
| 7:28 | Build | Barracks |
| 7:41 | Queue | Villager (Male) |
| 8:00 | Build | Palisade Wall |
| 8:00 | Build | Palisade Wall |
| 8:09 | Build | Palisade Wall |
| 8:10 | Build | Palisade Wall |
| 8:11 | Build | Palisade Wall |
| 8:35 | Age | Feudal Age |
| 8:41 | Build | Stable |
| 8:47 | Research | Double-Bit Axe |
| 9:12 | Queue | Spearman |
| 9:15 | Queue | Villager (Male) |
| 9:18 | Build | House |
| 9:41 | Build | Mill |
| 9:53 | Queue | Scout Cavalry |
| 9:53 | Queue | Scout Cavalry |
| 10:11 | Queue | Villager (Male) |
| 10:16 | Build | Farm |
| 10:19 | Build | Farm |
| 10:23 | Queue | Spearman |
| 10:58 | Queue | Villager (Male) |
| 10:58 | Queue | Scout Cavalry |
| 11:07 | Build | Farm |
| 11:07 | Build | Farm |
| 11:17 | Queue | Villager (Male) |
| 11:27 | Research | Horse Collar |
| 11:27 | Research | Horse Collar |
| 11:42 | Build | Farm |
| 11:46 | Queue | Villager (Male) |
| 11:48 | Queue | Scout Cavalry |
| 12:01 | Build | Farm |
| 12:07 | Queue | Villager (Male) |
| 12:14 | Queue | Villager (Male) |
| 12:40 | Queue | Villager (Male) |
| 12:43 | Build | Mining Camp |
| 12:59 | Build | House |
| 13:00 | Build | Palisade Wall |
| 13:07 | Build | House |
| 13:29 | Build | Mill |
| 13:43 | Build | House |
| 13:54 | Queue | Villager (Male) |
| 14:12 | Build | Market |
| 14:22 | Queue | Villager (Male) |
| 14:42 | Queue | Villager (Male) |
| 14:48 | Build | Farm |
| 15:10 | Build | Farm |
| 15:12 | Build | Farm |
| 15:14 | Queue | Villager (Male) |
| 15:40 | Research | Castle Age |
| 15:40 | Research | Castle Age |
| 16:13 | Build | Archery Range |
| 16:23 | Queue | Villager (Male) |
| 17:04 | Queue | Villager (Male) |
| 17:12 | Build | Archery Range |
| 17:24 | Build | Blacksmith |
| 18:13 | Research | Gold Mining |
| 18:13 | Research | Gold Mining |
| 18:14 | Research | Fletching |
| 18:19 | Age | Castle Age |
| 18:21 | Queue | Cavalry Archer |
| 18:22 | Queue | Cavalry Archer |
| 18:31 | Research | Bow Saw |
| 18:31 | Queue | Villager (Male) |
| 18:46 | Queue | Cavalry Archer |
| 18:46 | Queue | Cavalry Archer |
| 18:53 | Research | Bodkin Arrow |
| 18:53 | Research | Bodkin Arrow |
| 19:10 | Queue | Cavalry Archer |
| 19:10 | Queue | Cavalry Archer |
| 19:35 | Queue | Villager (Male) |
| 19:39 | Research | Bloodlines |
| 19:51 | Build | Lumber Camp |
| 19:53 | Queue | Villager (Male) |
| 19:54 | Queue | Cavalry Archer |
| 19:54 | Queue | Cavalry Archer |
| 20:05 | Queue | Villager (Male) |
| 20:09 | Queue | Villager (Male) |
| 20:10 | Queue | Cavalry Archer |
| 20:10 | Queue | Cavalry Archer |
| 20:29 | Queue | Villager (Male) |
| 20:46 | Queue | Cavalry Archer |
| 20:46 | Queue | Cavalry Archer |
| 20:47 | Queue | Villager (Male) |
| 21:00 | Research | Town Watch |
| 21:00 | Research | Town Watch |
| 21:13 | Queue | Cavalry Archer |
| 21:13 | Queue | Cavalry Archer |
| 21:14 | Queue | Villager (Male) |
| 21:21 | Research | Husbandry |
| 21:30 | Queue | Cavalry Archer ×2 |
| 21:31 | Queue | Cavalry Archer ×2 |
| 21:47 | Queue | Cavalry Archer |
| 21:47 | Queue | Cavalry Archer |
| 21:48 | Queue | Villager (Male) |
| 22:06 | Build | Town Center |
| 22:14 | Build | House |
| 22:14 | Build | House |
| 22:19 | Queue | Villager (Male) |
| 22:20 | Queue | Cavalry Archer |
| 22:20 | Queue | Cavalry Archer |
| 22:27 | Build | Lumber Camp |
| 22:33 | Queue | Villager (Male) |
| 22:50 | Queue | Villager (Male) |
| 22:52 | Queue | Cavalry Archer |
| 22:52 | Queue | Cavalry Archer |
| 23:05 | Queue | Villager (Male) |
| 23:11 | Research | Padded Archer Armor |
| 23:12 | Research | Padded Archer Armor |
| 23:21 | Queue | Cavalry Archer |
| 23:26 | Build | Palisade Wall |
| 23:35 | Queue | Villager (Male) |
| 23:35 | Queue | Villager (Male) |
| 23:44 | Queue | Villager (Male) |
| 23:49 | Build | Farm |
| 23:50 | Build | Farm |
| 23:51 | Build | Farm |
| 23:52 | Build | Farm |
| 24:06 | Queue | Villager (Male) |
| 24:07 | Queue | Villager (Male) |
| 24:07 | Queue | Villager (Male) |
| 24:18 | Build | University |
| 24:21 | Queue | Villager (Male) |
| 24:21 | Queue | Villager (Male) |
| 24:30 | Queue | Villager (Male) |
| 24:30 | Queue | Villager (Male) |
| 24:35 | Research | Wheelbarrow |
| 25:10 | Research | Ballistics |
Build order — Wuyen
First 150 of 218 actions detected
| 0:01 | Queue | Villager (Male) |
| 0:01 | Queue | Villager (Male) |
| 0:02 | Build | House |
| 0:04 | Build | House |
| 0:17 | Queue | Villager (Male) ×2 |
| 1:28 | Queue | Villager (Male) |
| 1:28 | Queue | Villager (Male) |
| 2:03 | Queue | Villager (Male) |
| 2:21 | Build | House |
| 2:27 | Queue | Villager (Male) |
| 2:27 | Queue | Villager (Male) |
| 2:51 | Queue | Villager (Male) |
| 2:58 | Build | Mill |
| 3:19 | Queue | Villager (Male) |
| 3:19 | Queue | Villager (Male) |
| 3:48 | Queue | Villager (Male) |
| 3:48 | Queue | Villager (Male) |
| 4:33 | Queue | Villager (Male) |
| 4:33 | Queue | Villager (Male) |
| 4:33 | Queue | Villager (Male) |
| 4:36 | Queue | Villager (Male) |
| 4:36 | Queue | Villager (Male) |
| 5:42 | Build | House |
| 6:02 | Queue | Villager (Male) |
| 6:05 | Build | Barracks |
| 6:37 | Queue | Villager (Male) |
| 6:47 | Queue | Villager (Male) |
| 7:00 | Queue | Militia |
| 7:01 | Queue | Militia |
| 7:02 | Queue | Militia |
| 7:14 | Build | Lumber Camp |
| 7:33 | Build | House |
| 7:34 | Queue | Villager (Male) |
| 7:35 | Queue | Villager (Male) |
| 7:37 | Build | House |
| 8:03 | Research | Loom |
| 8:03 | Research | Loom |
| 8:10 | Build | Palisade Wall |
| 8:15 | Build | House |
| 8:16 | Queue | Villager (Male) |
| 8:36 | Queue | Villager (Male) |
| 8:57 | Build | Palisade Wall |
| 9:03 | Build | Palisade Wall |
| 9:04 | Build | Palisade Wall |
| 9:14 | Queue | Villager (Male) |
| 9:19 | Build | Mining Camp |
| 9:21 | Build | Mill |
| 9:23 | Queue | Villager (Male) |
| 9:34 | Build | Palisade Wall |
| 10:02 | Queue | Villager (Male) |
| 10:17 | Build | Farm |
| 10:18 | Build | Farm |
| 10:19 | Queue | Villager (Male) |
| 10:21 | Build | Farm |
| 10:42 | Build | Palisade Wall |
| 10:45 | Build | Farm |
| 11:04 | Research | Feudal Age |
| 11:17 | Build | Palisade Wall |
| 11:29 | Build | Palisade Wall |
| 11:36 | Build | Farm |
| 11:40 | Build | Farm |
| 11:43 | Queue | Villager (Male) |
| 11:43 | Queue | Villager (Male) |
| 11:56 | Build | Mining Camp |
| 12:06 | Build | Farm |
| 12:13 | Build | Farm |
| 12:45 | Build | Farm |
| 13:14 | Age | Feudal Age |
| 13:15 | Queue | Spearman |
| 13:17 | Queue | Villager (Male) |
| 13:23 | Build | Farm |
| 13:43 | Queue | Spearman |
| 14:05 | Build | Blacksmith |
| 14:13 | Queue | Villager (Male) |
| 14:40 | Queue | Villager (Male) |
| 14:53 | Build | Stable |
| 14:58 | Build | House |
| 15:00 | Build | Palisade Wall |
| 15:05 | Build | Palisade Wall |
| 15:08 | Queue | Villager (Male) |
| 15:45 | Research | Castle Age |
| 16:01 | Build | House |
| 16:03 | Research | Double-Bit Axe |
| 16:12 | Research | Horse Collar |
| 16:43 | Build | House |
| 17:14 | Build | House |
| 17:15 | Build | House |
| 17:49 | Build | House |
| 18:02 | Queue | Villager (Male) |
| 18:25 | Age | Castle Age |
| 18:32 | Build | Castle |
| 18:37 | Queue | Villager (Male) |
| 18:42 | Build | Lumber Camp |
| 18:46 | Research | Bow Saw |
| 18:52 | Build | House |
| 18:53 | Build | House |
| 18:55 | Build | House |
| 18:59 | Research | Scale Mail Armor |
| 19:04 | Queue | Villager (Male) |
| 19:05 | Research | Heavy Plow |
| 19:17 | Queue | Villager (Male) |
| 19:20 | Build | Farm |
| 19:22 | Build | Farm |
| 19:32 | Build | Farm |
| 19:55 | Queue | Gbeto |
| 19:56 | Queue | Gbeto |
| 19:56 | Queue | Gbeto |
| 19:57 | Queue | Gbeto |
| 20:19 | Queue | Villager (Male) |
| 20:20 | Queue | Villager (Male) |
| 20:20 | Queue | Villager (Male) |
| 20:30 | Queue | Gbeto |
| 20:53 | Research | Squires |
| 21:00 | Build | Farm |
| 21:03 | Build | Farm |
| 21:05 | Build | Farm |
| 21:07 | Queue | Villager (Male) |
| 21:18 | Build | Farm |
| 21:21 | Build | Farm |
| 21:23 | Build | Farm |
| 21:27 | Queue | Gbeto |
| 21:33 | Build | Farm |
| 21:42 | Queue | Gbeto |
| 21:42 | Queue | Villager (Male) |
| 21:46 | Build | Farm |
| 22:04 | Research | Town Watch |
| 22:08 | Queue | Gbeto |
| 22:10 | Queue | Villager (Male) |
| 22:13 | Build | Farm |
| 22:22 | Queue | Gbeto |
| 22:49 | Queue | Gbeto |
| 22:51 | Queue | Villager (Male) |
| 22:53 | Queue | Villager (Male) |
| 23:00 | Build | Town Center |
| 23:05 | Queue | Gbeto |
| 23:06 | Queue | Villager (Male) |
| 23:20 | Queue | Gbeto |
| 23:21 | Queue | Villager (Male) |
| 23:33 | Queue | Gbeto |
| 23:44 | Queue | Gbeto |
| 23:45 | Queue | Villager (Male) |
| 23:47 | Build | Farm |
| 23:49 | Build | Farm |
| 23:54 | Build | Farm |
| 23:56 | Queue | Villager (Male) |
| 24:02 | Queue | Gbeto |
| 24:14 | Research | Forging |
| 24:18 | Build | Farm |
| 24:18 | Build | Farm |
| 24:20 | Build | Farm |
Match timeline
| 6:05 | Wuyen · first_building Barracks |
| 7:28 | k1ngkong · first_building Barracks |
| 8:00 | k1ngkong · wall_segment Palisade Wall x1 |
| 8:00 | k1ngkong · wall_segment Palisade Wall x1 |
| 8:09 | k1ngkong · wall_segment Palisade Wall x1 |
| 8:10 | Wuyen · wall_segment Palisade Wall x21 |
| 8:10 | k1ngkong · wall_segment Palisade Wall x1 |
| 8:11 | k1ngkong · wall_segment Palisade Wall x1 |
| 8:35 | k1ngkong · age_up feudal |
| 8:41 | k1ngkong · first_building Stable |
| 8:57 | Wuyen · wall_segment Palisade Wall x3 |
| 9:03 | Wuyen · wall_segment Palisade Wall x1 |
| 9:04 | Wuyen · wall_segment Palisade Wall x1 |
| 9:34 | Wuyen · wall_segment Palisade Wall x7 |
| 10:42 | Wuyen · wall_segment Palisade Wall x3 |
| 11:17 | Wuyen · wall_segment Palisade Wall x3 |
| 11:29 | Wuyen · wall_segment Palisade Wall x1 |
| 13:00 | k1ngkong · wall_segment Palisade Wall x4 |
| 13:14 | Wuyen · age_up feudal |
| 14:53 | Wuyen · first_building Stable |
| 14:53 | k1ngkong · first_market_sell 500 stone |
| 15:00 | Wuyen · wall_segment Palisade Wall x1 |
| 15:05 | Wuyen · wall_segment Palisade Wall x1 |
| 15:16 | k1ngkong · first_market_buy 100 food |
| 16:13 | k1ngkong · first_building Archery Range |
| 18:19 | k1ngkong · age_up castle |
| 18:25 | Wuyen · age_up castle |
| 18:32 | Wuyen · first_building Castle |
| 23:26 | k1ngkong · wall_segment Palisade Wall x1 |
| 26:28 | Wuyen · first_building Archery Range |
| 26:43 | Wuyen · first_building Monastery |
| 27:59 | Wuyen · wall_segment Palisade Wall x1 |
| 29:33 | k1ngkong · resign |
[ AI ANALYSIS · 1 CREDIT ]
What really happened in this match?
Wolo.gg analyzes every decision: build order, eco, micro, common mistakes by bracket. Personalized analysis on WhatsApp or Discord in 30 seconds.
Civ guide
Poles
Perfil
Jugador #3045036